Unix NetHack Version 5.0.0-0 post-release - last build Jun 10 2026 00:39:30 (3ee93aec679c4c4259841fe613dc97188e26a321,branch:main).

Game began 2026-07-09 10:28:38, ended 2026-07-09 11:08:49.

BATTLEMODE, chaotic female elven Wizard

     ---------
     |.......|
     |........
     |(......|
     |.......|
     |........
     |.@f>..$|
     ---.-----
       ##
       #
       #
      ##
    ###
   -|---------
   |.........|
   |.<....{..|
   |.........|##
   |.........-*
   -----------

BATTLEMODE the Conjurer   St:11 Dx:11 Co:16 In:20 Wi:11 Ch:9  Chaotic
Dlvl:6  $:86 HP:0(36) Pw:7(62) AC:8  Xp:5 T:2490 

Latest messages:
 You miss the kobold mummy.
 The kobold mummy hits!
 You miss the kobold mummy.
 You miss the kobold mummy.
 The kobold mummy hits!
 You miss the kobold mummy.
 The kobold mummy hits!
 You miss the kobold mummy.
 The kobold mummy hits!
 You hit the kobold mummy.
 The kobold mummy hits!
 You miss the kobold mummy.
 In what direction? 6
 The spell hits the kobold mummy!
 The kobold mummy resists!
 You destroy the kobold mummy!
 You see here a golden potion.
 M - a golden potion.
 Drink from the fountain? [yn] (n) y
 You attract a water nymph!
 Pick a monster, object or location.
 The water nymph opens a door.
 In what direction? 6
 The spell hits the water nymph!
 The water nymph resists!
 You hear a crumbling sound.
 In what direction? 6
 The spell hits the water nymph!
 You kill the water nymph!
 You see here 18 rocks.
 Pick a monster, object or location.
 In what direction? 9
 The spell hits the rock piercer!
 You kill the rock piercer!
 Pick a monster, object or location.
 The housecat bites!
 The housecat bites!
 You miss the housecat.
 The housecat bites!
 In what direction? 6
 The spell hits the housecat!
 The housecat bites!
 The housecat bites!
 You die...
 Do you want your possessions identified? [ynq] (y) y
 Do you want to see your attributes? [ynq] (y) y
 Do you want an account of creatures vanquished? [ynaq] (y) y
 Do you want a list of species genocided? [ynq] (y) y
 Do you want to see your conduct and achievements? [ynq] (y) y
 Do you want to see the dungeon overview? [ynq] (y) y

Inventory:
 Coins    ('$')
  $ - 86 gold pieces
 Weapons  (')')
  L - a +0 orcish dagger
  G - a cursed -2 mace
  a - a blessed +1 quarterstaff
 Armor    ('[')
  b - an uncursed +0 cloak of magic resistance (being worn)
 Comestibles  ('%')
  C - an uncursed clove of garlic
  F - 2 uncursed food rations
 Scrolls  ('?')
  H - an uncursed scroll of create monster
  J - an uncursed scroll of destroy armor
  i - an uncursed scroll of enchant armor
  y - an uncursed scroll of enchant weapon
  j - an uncursed scroll of identify
  k - an uncursed scroll of light
 Spellbooks  ('+')
  r - an uncursed spellbook of cause fear
  m - an uncursed spellbook of detect unseen
  z - an uncursed spellbook of extra healing
  l - a blessed spellbook of force bolt
  w - an uncursed spellbook of teleport away
 Potions  ('!')
  A - an uncursed potion of acid
  f - 5 uncursed potions of healing
  D - a cursed potion of invisibility
  h - a blessed potion of levitation
  g - 2 uncursed potions of oil
  M - a cursed potion of restore ability
 Rings    ('=')
  e - an uncursed +1 ring of protection (on left hand)
  d - an uncursed ring of stealth (on right hand)
 Wands    ('/')
  K - a wand of cold (0:4)
 Tools    ('(')
  o - an uncursed bugle
  n - a magic marker (0:21)
  q - an uncursed skeleton key
  p - an uncursed tin opener (wielded)
 Gems/Stones  ('*')
  v - 2 uncursed worthless pieces of red glass

BATTLEMODE the Wizard's attributes:

Background:
 You were a Conjurer, a level 5 female elven Wizard.
 You were chaotic, on a mission for Anhur
 who was opposed by Ptah (lawful) and Thoth (neutral).
 You were right-handed.
 You were in the Dungeons of Doom, on level 6.
 You entered the dungeon 2490 turns ago.
 You had 235 experience points, 85 more were needed to attain level 6.

Basics:
 You had 0 out of 36 hit points.
 You had 7 out of 62 energy points (spell power).
 Your armor class was 8.
 Your wallet contained 86 zorkmids.
 Autopickup was off.

Final Characteristics:
 Your strength was 11 (limit:18).
 Your dexterity was 11 (limit:18).
 Your constitution was 16 (limit:16).
 Your intelligence was 20 (limit:20).
 Your wisdom was 11 (limit:20).
 Your charisma was 9 (limit:18).

Final Status:
 You weren't hungry.
 You were unencumbered.
 You were wielding a tin opener.

Final Attributes:
 You were stridently aligned.
 You were magic-protected.
 You were sleep resistant.
 You had infravision.
 You were stealthy.
 You had a small defense bonus (+1).
 You were guarded.
 You are dead.

Miscellaneous:
 You didn't encounter any bones levels.
 Total elapsed playing time was 40 minutes and 8 seconds.

Major events:
 Turn
    1: BATTLEMODE the chaotic female elven Wizard entered the dungeon
  585: attained the rank of Conjurer (level 3)
 1886: performed her first genocide (liches)
 2025: entered the Gnomish Mines
 2490: killed by a housecat

Spells:
 Name                 Level Category     Fail Retention
 force bolt             1   attack         0%   81%-90%
 detect unseen          3   divination    71%  76%-100%
 cause fear             3   enchantment    0%   81%-90%
 extra healing          3   healing       71%  76%-100%

Skills:
 Fighting Skills
   bare handed combat [Unskilled]
   riding             [Unskilled]
 Weapon Skills
   dagger             [Unskilled]
   knife              [Unskilled]
   axe                [Unskilled]
   short sword        [Unskilled]
   club               [Unskilled]
   mace               [Unskilled]
   quarterstaff       [Basic]
   polearms           [Unskilled]
   spear              [Unskilled]
   trident            [Unskilled]
   sling              [Unskilled]
   dart               [Unskilled]
   shuriken           [Unskilled]
 Spellcasting Skills
   attack spells      [Basic]
   healing spells     [Unskilled]
   divination spells  [Unskilled]
   enchantment spells [Basic]
   clerical spells    [Unskilled]
   escape spells      [Unskilled]
   matter spells      [Unskilled]

Voluntary challenges:
 Character rerolling was not enabled.
 You genocided 1 type of monster.
 You never polymorphed an object.
 You never changed form.
 You used no wishes.
Achievements:
 You attained the rank of Conjurer.
 You entered the Gnomish Mines.

 The Dungeons of Doom: levels 1 to 6
    Level 1:
       A sink.
    Level 2:
    Level 3:
       A sink.
    Level 4:
       A sink.
       Stairs down to The Gnomish Mines.
    Level 5:
    Level 6: <- You were here.
       A fountain.
       Final resting place for
          you, killed by a housecat.
 The Gnomish Mines:
    Level 5:


Vanquished creatures:
  2 imps
  a water nymph
  a rock piercer
  a rock mole
  a shrieker
  a kobold mummy
  a paper golem
  a kitten
  a homunculus
  2 dwarf zombies
  a werejackal
  a large kobold
  2 hobgoblins
  a giant rat
  a cave spider
  3 red molds
  a gnome
  a gecko
  5 jackals
  a fox
  4 goblins
  4 grid bugs
  2 lichens
  8 newts
47 creatures vanquished.

Genocided species:
 liches
1 species genocided.

Game over:
                       ----------
                      /          \
                     /    REST    \
                    /      IN      \
                   /     PEACE      \
                  /                  \
                  |    BATTLEMODE    |
                  |      86 Au       |
                  |   killed by a    |
                  |     housecat     |
                  |                  |
                  |                  |
                  |       2026       |
                 *|     *  *  *      | *
        _________)/\\_//(\/(/\)/\//\/|_)_______

Goodbye BATTLEMODE the Wizard...

You died in The Dungeons of Doom on dungeon level 6 with 1308 points,
and 86 pieces of gold, after 2490 moves.
You were level 5 with a maximum of 36 hit points when you died.

